 Dungeon Crawl Stone Soup version 0.27.1-34-g3ba077fa99 (webtiles) character file.

Game seed: 5030804939927894912

9 comborobin the Sneak (level 2, -6/27 HPs)
             Began as a Hill Orc Delver on Jan 6, 2022.
             Mangled by a scorpion (7 damage)
             ... on level 5 of the Dungeon.
             The game lasted 00:00:46 (550 turns).

comborobin the Sneak (Hill Orc Delver)               Turns: 550, Time: 00:00:46

Health: -6/27      AC:  8    Str: 14    XL:     2   Next: 12%
Magic:  2/2        EV:  6    Int: 10    God:
Gold:   20         SH:  0    Dex: 12    Spells: 1/1 levels left

rFire    . . .     SeeInvis .   j - +0 mace (protect)
rCold    . . .     Faith    .   (no shield)
rNeg     . . .     Spirit   .   f - +0 chain mail
rPois    .         Reflect  .   (no helmet)
rElec    .         Harm     .   (no cloak)
rCorr    .         Rampage  .   (no gloves)
Will     .....                  (no boots)
Stlth    ..........             (no amulet)
HPRegen  0.09/turn              (no ring)
MPRegen  0.08/turn              (no ring)

@: lethally poisoned (-6 -> -10)
A: no striking features
a: no special abilities


You were on level 5 of the Dungeon.
You visited 1 branch of the dungeon, and saw 2 of its levels.

You collected 20 gold pieces.

Inventory:

Hand Weapons
 a - a +0 hand axe
 j - a +0 mace of protection (weapon)
Armour
 b - a +0 leather armour
 f - a +0 chain mail (worn)
Wands
 g - a wand of digging (3)
Scrolls
 c - a scroll of fog
 d - a scroll of magic mapping
 e - a scroll of fear
 h - a scroll of teleportation {unknown}
 i - a scroll of blinking {unknown}
 k - a scroll of noise {unknown}


   Skills:
 + Level 3.9 Fighting
 + Level 3.1 Axes
 + Level 0.9 Armour
 - Level 1.5 Dodging
 - Level 4.1 Stealth


You had one spell level left.
You didn't know any spells.
Your spell library was empty.

Dungeon Overview and Level Annotations

Branches:
Dungeon (5/15)
 Temple: D:4-7

Altars:
Gozag

Annotations:
D:4 Pikel


Message History

The scorpion stings you.
You hit the scorpion.
The scorpion is heavily wounded.
The scorpion closely misses you.
You are too injured to fight recklessly!
You barely miss the scorpion.
The scorpion is heavily wounded.
The scorpion stings you but does no damage. x2
You hit the scorpion.
The scorpion is severely wounded.
The scorpion stings you but does no damage. x2
You closely miss the scorpion.
The scorpion is severely wounded.
The scorpion stings you but does no damage.
You completely miss the scorpion.
The scorpion is severely wounded.
The scorpion barely misses you. x2
You closely miss the scorpion.
The scorpion is severely wounded.
The scorpion stings you.
You barely miss the scorpion.
The scorpion is severely wounded.
The scorpion stings you. x2
You are lethally poisoned!
The scorpion poisons you!
You hit the scorpion but do no damage.
Your weapon exudes an aura of protection.
The scorpion is severely wounded.
* * * LOW HITPOINT WARNING * * *
You feel very sick. The scorpion barely misses you. x2
You closely miss the scorpion.
The scorpion is severely wounded.
* * * LOW HITPOINT WARNING * * *
You feel sick.
The scorpion stings you but does no damage.
It was a potion of magic.
Magic courses through your body.
* * * LOW HITPOINT WARNING * * *
You feel sick. The scorpion stings you!
You die...

###### #..#.#
###############....#
#................#.#
#.################.##### #.##..
#...........# #.##.#
###.###.###.######..
#.##.#####.#<#@# #.#...........
#..........#.#s# #.#.#.######..
######.#######.#.# #.#.#.#..
+..
#(.............#.###.#.#.#.#
#..
#.####.#########....s..#.#.#
#..
...#...............#.#.####..
#.###>.........................
.. ........###########.........
## ....###.#................#..


You could see a scorpion.

Vanquished Creatures
  An adder (D:5)
1 creature vanquished.

Notes
Turn   | Place    | Note
-------+----------+-------------------------------------------
     0 | D:5      | comborobin the Hill Orc Delver began the quest for the Orb.
     0 | D:5      | Reached XP level 1. HP: 19/19 MP: 1/1
    25 | D:5      | Found an opulent altar of Gozag.
   122 | D:5      | Noticed a scorpion
   417 | D:4      | Noticed a howler monkey
   418 | D:4      | Noticed a lemure
   419 | D:4      | Noticed a lemure
   419 | D:4      | Noticed a lemure
   420 | D:4      | Noticed Pikel
   421 | D:4      | Noticed a lemure
   512 | D:5      | Noticed a scorpion
   535 | D:5      | Reached XP level 2. HP: 26/27 MP: 2/2
   550 | D:5      | HP: 1/27 [poisoned by a scorpion]
   550 | D:5      | Mangled by a scorpion

Illustrated notes

Levels and vault maps discovered:
D:4:      layout_cave_pools, uniq_natasha, uniq_pikel
D:5:      layout_basic, nicolae_gozag_cash_rules_everything_around_me,
          serial_shops, shop, nrook_mini_backslash

Skill      XL: |  1 |
---------------+----+-----
Axes           | 3 |  3.1
Fighting       | |  3.9
Armour         | |  0.9
Dodging        | |  1.5
Stealth        | |  4.1

Action                   || total
-------------------------++-------
Melee: Mace              ||    19
  Use: Potion            ||     2
Armor: Chain mail        ||    15
       Leather armour    ||     1
Dodge: Dodged            ||    10
